 Dungeon Crawl Stone Soup version 0.19.3-1-g3169bf9 (webtiles) character file.

578 nono the Sneak (level 7, 0/44 HPs)
             Began as a Halfling Assassin on Jan 25, 2017.
             Slain by a mummy (15 damage)
             ... in an ossuary.
             The game lasted 00:12:16 (4869 turns).

nono the Sneak (Halfling Assassin)                  Turns: 4869, Time: 00:12:17

Health: 0/44       AC:  7    Str: 14    XL:     7   Next: 62%
Magic:  7/7        EV: 16    Int:  9    God:
Gold:   215        SH:  0    Dex: 16    Spells: 0 memorised, 6 levels left

rFire  . . .     SeeInvis .     a - +2 dagger
rCold  . . .     Gourm    .     s - +0 scale mail
rNeg   . . .     Faith    .     (shield restricted)
rPois  .         Spirit   .     (no helmet)
rElec  .         Reflect  .     d - +0 cloak
rCorr  .         Harm     .     (no gloves)
MR     .....                    (no boots)
Stlth  ++........               (no amulet)
                                (no ring)
                                k - ring of wizardry

@: no status effects
A: repulsion field 1, mutation resistance 1
a: no special abilities


You were in an ossuary.
You were not hungry.

You visited 1 branch of the dungeon, and saw 5 of its levels.
You also visited: Ossuary.

You collected 215 gold pieces.

Inventory:

Hand Weapons
 a - a +2 dagger (weapon)
 b - a +0 blowgun
Missiles
 e - 5 poisoned needles
 f - a curare-tipped needle
 p - 4 needles of frenzy
 y - 8 needles of confusion
Armour
 c - a +0 robe
 d - a +0 cloak (worn)
 m - a +0 chain mail
 s - a +0 scale mail (worn)
Jewellery
 k - a ring of wizardry (left hand)
 w - an uncursed ring of fire
 z - an uncursed ring of flight {unknown}
Wands
 I - a wand of paralysis (15/24)
Scrolls
 h - a scroll of fear
 i - a scroll of teleportation {unknown}
 j - a scroll of immolation {unknown}
 o - 7 scrolls of remove curse
 q - 2 scrolls of fog {unknown}
 r - a scroll of amnesia {unknown}
 t - a scroll of noise {unknown}
 u - a scroll of magic mapping {unknown}
 x - a scroll of random uselessness {unknown}
 B - 2 scrolls of identify {unknown}
Potions
 l - a potion of beneficial mutation {unknown}
 D - a potion of brilliance {unknown}
 E - a potion of degeneration {unknown}
 F - a potion of berserk rage {unknown}
 G - a potion of curing {unknown}
Comestibles
 g - 2 bread rations
 n - 3 meat rations
 v - a slice of pizza
 A - 4 fruits


   Skills:
 - Level 1.7 Fighting
 - Level 2.4 Short Blades
 - Level 2.0 Throwing
 * Level 3.0 Armour
 + Level 5.5 Dodging
 - Level 7.2 Stealth


You had 6 spell levels left.
You didn't know any spells.

Dungeon Overview and Level Annotations

Branches:
Dungeon (5/15)
 Temple: D:4-7

Altars:
Cheibriados
Gozag
Hepliaklqana


Innate Abilities, Weirdness & Mutations

You are small and have problems with some larger weapons.
You are somewhat resistant to further mutation.
You are surrounded by a mild repulsion field. (EV +2)


Message History

You hit the mummy but do no damage.
The mummy is moderately damaged.
The mummy hits you but does no damage.
You hit the mummy.
The mummy is moderately damaged.
You hit the mummy.
The mummy is heavily damaged.
The mummy hits you!
You hit the mummy.
The mummy is heavily damaged.
You hit the mummy.
The mummy is heavily damaged.
The mummy hits you!
Okay, then.
You hit the mummy.
The mummy is severely damaged.
You hit the mummy.
The mummy is almost destroyed.
The mummy hits you!
You die...

.......#
........... ......#
...Z.......##.....#
......Z....##.....#
..................#
..................#
...............#..#
..............##M.#
..∩∩..........##@∩#
..............##..#
...............#..#
..................#
...........##.....#
Z..........##.....#
..................#
..............^.^.#
.#####.........'###


You could see a mummy.

Vanquished Creatures
  An ogre (D:4)
  A scorpion (D:4)
  3 orc priests (D:4)
  Jessica (D:2)
  2 orc wizards (D:4)
  A worker ant (D:5)
  2 hound zombies (Ossuary)
  A hound skeleton (D:5)
  A mummy (Ossuary)
  11 adders
  An adder zombie (Ossuary)
  An adder skeleton (D:4)
  3 worms
  2 dart slugs
  2 leopard geckos (D:2)
  9 orcs
  4 ball pythons
  6 bats
  3 giant cockroaches
  4 goblins
  5 hobgoblins
  4 jackals (D:5)
  2 kobolds
  2 quokkas
  6 frilled lizards
  A jackal zombie (Ossuary)
  2 kobold zombies (Ossuary)
  An orc zombie (Ossuary)
  10 rats
92 creatures vanquished.

Notes
Turn   | Place    | Note
-------+----------+-------------------------------------------
     0 | D:1      | nono the Halfling Assassin began the quest for the Orb.
     0 | D:1      | Reached XP level 1. HP: 14/14 MP: 1/1
   201 | D:1      | Reached XP level 2. HP: 19/19 MP: 2/2
   499 | D:2      | Reached skill level 5 in Stealth
   499 | D:2      | Reached XP level 3. HP: 22/24 MP: 3/3
   644 | D:2      | Gained mutation: You are surrounded by a mild repulsion field. (EV +2) [potion of mutation]
   660 | D:2      | Reached XP level 4. HP: 3/29 MP: 4/4
   671 | D:2      | HP: 1/29 [hobgoblin/club (2)]
  1102 | D:2      | Noticed Jessica
  1118 | D:2      | Killed Jessica
  1118 | D:2      | Reached XP level 5. HP: 34/34 MP: 5/5
  1153 | D:2      | Found a faded altar of an unknown god.
  1153 | D:2      | Found a faded altar of an unknown god.
  1158 | D:2      | Found a faded altar of an unknown god.
  1165 | D:2      | Found a hazy altar of Hepliaklqana.
  1166 | D:2      | Found a faded altar of an unknown god.
  1245 | D:2      | Found a snail-covered altar of Cheibriados.
  1263 | D:2      | Reached skill level 6 in Stealth
  2448 | D:4      | Found a snail-covered altar of Cheibriados.
  2501 | D:4      | Noticed an ogre
  2519 | D:4      | Killed an ogre
  2519 | D:4      | Reached XP level 6. HP: 39/39 MP: 6/6
  2602 | D:4      | Reached skill level 7 in Stealth
  3057 | D:4      | Reached skill level 5 in Dodging
  3057 | D:4      | Reached XP level 7. HP: 23/44 MP: 7/7
  3292 | D:4      | Reached skill level 1 in Armour
  3587 | D:4      | Found an opulent altar of Gozag.
  4339 | D:5      | Entered Level 5 of the Dungeon
  4526 | D:5      | Found a sand-covered staircase.
  4530 | Ossuary  | Entered an ossuary
  4869 | Ossuary  | Slain by a mummy

Skill      XL: |  1  2  3  4  5  6  7 |
---------------+----------------------+-----
Dodging        | 2 3 4 5 |  5.5
Stealth        | 5 6 7 |  7.2
Armour         | 3 |  3.0
Fighting       | |  1.7
Short Blades   | |  2.4
Throwing       | |  2.0

Action                   |  1- 3 |  4- 6 |  7- 9 || total
-------------------------+-------+-------+-------++-------
Melee: Dagger            |    63 |   219 |   163 ||   445
 Fire: Blowgun           |       |    13 |    17 ||    30
  Use: Potion            |     2 |     2 |     2 ||     6
       Scroll            |       |     2 |     1 ||     3
 Stab: Sleeping          |     7 |     6 |     1 ||    14
       Distracted        |       |     1 |       ||     1
  Eat: Chunk             |       |     7 |     6 ||    13
Armor: Robe              |     9 |       |       ||     9
       Scale mail        |     8 |    55 |    28 ||    91
Dodge: Dodged            |    53 |   130 |   118 ||   301
